 Dungeon Sprint DCSS version 0.30-a0-743-gbfdf073431 (webtiles) character file.

Game seed: 11670683318616440044

24 BigDaddyOpFi the Trooper (level 4, -1/44 HPs)
             Began as a Hill Orc Fighter on Feb 7, 2023.
             Was an Initiate of Okawaru.
             Constricted to death by a naga (2 damage)
             ... in the Dungeon (Sprint VI: "Thunderdome").
             The game lasted 00:01:19 (354 turns).

BigDaddyOpFi the Trooper (Hill Orc Fighter)          Turns: 354, Time: 00:01:19

Health: -1/44      AC:  7    Str: 20    XL:     4   Next: 65%
Magic:  7/7        EV: 11    Int:  8    God:    Okawaru [......]
Gold:   105        SH:  5    Dex: 10    Spells: 3/3 levels left

rFire   + . .      SeeInvis .    a - +0 war axe
rCold   . . .      Faith    .    c - +0 buckler
rNeg    . . .      Spirit   .    b - +0 scale mail
rPois   +          Reflect  .    (no helmet)
rElec   .          Harm     .    (no cloak)
rCorr   +          Rampage  .    (no gloves)
Will    +....      NoTele   +    (no boots) Stlth
                                 p - amulet "Tolyiq" {Regen+ rCorr}
HPRegen 1.07/turn                e - ring of Nompu Uttet {rF+ Will+ EV+5 Slay+3}
MPRegen 0.10/turn                o - ring "Taby" {Fly rPois}

@: flying, constricted
A: no striking features
a: Renounce Religion


You were in the Dungeon.
You worshipped Okawaru.
Okawaru was noncommittal.
You visited 1 branch You collected 240 gold pieces.
You spent 135 gold pieces at shops.

Inventory:

Hand Weapons
 a - a +0 war axe (weapon)
Armour
 b - a +0 scale mail (worn)
 c - a +0 buckler (worn)
Jewellery
 e - the ring of Nompu Uttet (left hand) {rF+ Will+ EV+5 Slay+3}
   (You bought it in a shop in the Dungeon)

   [ring of evasion]

   EV:        It affects your evasion (+5).
   Slay:      It affects your accuracy & damage with ranged weapons and melee
   (+3).
   rF:        It protects you from fire.
   Will:      It increases your willpower.
 o - the ring "Taby" (right hand) {Fly rPois}
   (You bought it in a shop in the Dungeon)

   [ring of poison resistance]

   rPois:     It protects you from poison.
   Fly:       It grants you flight.
 p - the amulet "Tolyiq" (around neck) {Regen+ rCorr}
   (You bought it in a shop in the Dungeon)

   [amulet of regeneration]

   Regen:     It increases your rate of health regeneration.
   rCorr:     It protects you from acid and corrosion.
Wands
 m - a wand of roots (4) (quivered)
Scrolls
 j - 4 scrolls of blinking
 n - 3 scrolls of fog
Potions
 d - a potion of might
 f - 2 potions of heal wounds
 g - 4 potions of haste
 h - 2 potions of magic
 i - a potion of berserk rage
 k - a potion of resistance


   Skills:
 + Level 6.0 Fighting
 + Level 5.7 Axes
 + Level 5.5 Armour
 + Level 5.4 Shields
 * Level 4.4 Invocations


You had 3 spell levels left.
You didn't know any spells.
Your spell library was empty.

Dungeon Overview and Level Annotations

Branches:
Dungeon (1/1)

Altars:
Cheibriados
Dithmenos
Fedhas
Gozag
Kikubaaqudgha
Makhleb
Okawaru
Qazlal
Ru
Sif Muna
Trog
Uskayaw
Vehumet
Wu Jian
Xom
Yredelemnul
Zin
The Shining One
Beogh
Lugonu

Shops:
D *[??*?*:[((!!!!


Message History

You resist.
A ball python comes into view.
Aiming: Quicksilver Bolt
Press: ? - help, Q - select action, (/) - cycle Shift-Dir - straight line, f/p - naga
Aim: a naga, wielding a +0 trident (lightly wounded, catching its breath, 71% to hit)
The bolt of dispelling energy hits the naga!
The naga is heavily wounded.
The ball python hisses angrily.
The now-empty wand crumbles to dust.
You feel sick.
You hear an angry hiss.
A ball python comes into view.
The naga closely misses you.
Unknown command.
Aiming: Fastroot
Press: ? - help, Q - select action Shift-Dir - straight line, f/p - naga
Aim: a naga, wielding a +0 trident (heavily wounded, catching its breath)
The roots erupt in riotous growth!
Roots grab the naga.
The grasping roots constrict the naga.
You feel sick. The naga closely misses you.
The grasping roots constrict the naga.
You feel sick.
The roots release their grip on the naga.
A ball python comes into view.
The naga hits you with a +0 trident! The naga grabs you.
The naga constricts you.
You barely miss the naga.
The naga is almost dead.
You feel sick.
You are no longer poisoned.
The naga hits you with a +0 trident. The naga constricts you.
You closely miss the naga.
The naga is almost dead.
The naga hits you with a +0 trident!
* * * LOW HITPOINT WARNING * * *
The naga constricts you.
* * * LOW HITPOINT WARNING * * *
The ball python bites you but does no damage.
The naga barely misses you. The naga constricts you.
You die...

##._._÷.....###......__.∩#
###∩...†....8.# #.8........∩
##........††...###...........
#⌠..........###...###........
#⌠.....÷....# #.<.# #........
#⌠..........###...###........
##.............###...........
###∩........8.# #.8........∩
##∩___..S@..###......__.∩#
######.8NS..S....8.######
#⌠...........⌠#
###.........### #_......._#
#_........# #_......._#
#∩.......∩# ##∩.....∩##


You could see a naga and 3 ball pythons.

Vanquished Creatures
  A scorpion (D)
  3 adders (D)
  2 worms (D)
  2 ball pythons (D)
  2 giant cockroaches (D)
10 creatures vanquished.

Notes
Turn   | Place    | Note
-------+----------+-------------------------------------------
     0 | D        | BigDaddyOpFi the Hill Orc Fighter began the quest for the
                  | Orb.
     0 | D        | Reached XP level 1. HP: 19/19 MP: 1/1
     3 | D        | Found a sacrificial altar of Ru.
     3 | D        | Found a basalt altar of Yredelemnul.
     4 | D        | Found an ancient bone altar of Kikubaaqudgha.
     5 | D        | Found a shadowy altar of Dithmenos.
     5 | D        | Found an opulent altar of Gozag.
     5 | D        | Round 1.
     6 | D        | Found a radiant altar of Vehumet.
     6 | D        | Found a burning altar of Makhleb.
     6 | D        | Found an iron altar of Okawaru.
     6 | D        | Found Vizusic's Identification Station.
     7 | D        | Found Umoor's Jewellery.
     7 | D        | Found Etiar's Advanced Armour.
    31 | D        | Reached skill level 4 in Fighting
    31 | D        | Reached XP level 2. HP: 23/28 MP: 2/2
    36 | D        | Bought an ancient glass ring for 45 gold pieces
    36 | D        | Identified the ring of Nompu Uttet {rF+ Will+ EV+5 Slay+3}
                  | (You bought it in a shop in the Dungeon)
    36 | D        | Bought a clouded glass ring for 45 gold pieces
    36 | D        | Identified the ring "Taby" {Fly rPois} (You bought it in a
                  | shop in the Dungeon)
    36 | D        | Bought a clouded golden amulet for 45 gold pieces
    36 | D        | Identified the amulet "Tolyiq" {Regen+ rCorr} (You bought
                  | it in a shop in the Dungeon)
    93 | D        | Arena points: 12 (+12) [x2]
    94 | D        | Reached skill level 5 in Fighting
    94 | D        | Reached XP level 3. HP: 36/36 MP: 3/3
   100 | D        | Found Jynlut's Magic Scroll Shop.
   105 | D        | Found a snail-covered altar of Cheibriados.
   109 | D        | Became a worshipper of Warmaster Okawaru
   150 | D        | Round 2.
   185 | D        | Reached skill level 1 in Invocations
   218 | D        | Found a hide-covered altar of Uskayaw.
   223 | D        | Found a bloodstained altar of Trog.
   225 | D        | Noticed a scorpion
   229 | D        | Killed a scorpion
   230 | D        | Reached skill level 5 in Axes
   230 | D        | Reached skill level 5 in Armour
   230 | D        | Reached skill level 5 in Shields
   230 | D        | Reached XP level 4. HP: 44/44 MP: 3/7
   236 | D        | Reached skill level 6 in Fighting
   275 | D        | Found Orphuqi's Premium Goods.
   276 | D        | Found a roughly hewn altar of Beogh.
   276 | D        | Found a blossoming altar of Fedhas.
   276 | D        | Found Seujyclaang's Weapon Rack.
   276 | D        | Found Plog's Miscellaneous Merchandise.
   276 | D        | Found Vanielib's Basic Armour.
   280 | D        | Found a corrupted altar of Lugonu.
   281 | D        | Found a glowing silver altar of Zin.
   283 | D        | Found Rejatide's Do-It-Yourself Clinic.
   284 | D        | Found Eschiyz's Bottled Wisdom.
   284 | D        | Found Ibbeul's Distillery.
   285 | D        | Found a shimmering altar of Xom.
   285 | D        | Found a glowing golden altar of the Shining One.
   285 | D        | Found Rarafauw's Distillery.
   289 | D        | Found a shimmering blue altar of Sif Muna.
   289 | D        | Arena points: 24 (+12) [x1]
   291 | D        | Found a stormy altar of Qazlal.
   294 | D        | Found an ornate altar of the Wu Jian Council.
   295 | D        | Found Ynnunnosch's Staff Store.
   296 | D        | Found Pafois's Must-Have Magic.
   296 | D        | Found Widaasus's Magic Scroll Shop.
   304 | D        | Round 3.
   343 | D        | Noticed a naga
   354 | D        | HP: 1/44 [constriction (4)]
   354 | D        | Constricted to death by a naga

Illustrated notes

Levels and vault maps discovered:
D:        arena_sprint

Skill      XL: |  1  2  3  4 |
---------------+-------------+-----
Fighting       | 4 5 6 |  6.0
Axes           | 4 5 |  5.7
Armour         | 4 5 |  5.5
Shields        | 4 5 |  5.4
Invocations    | 4 |  4.4

Action                     |  1- 3 |  4- 6 || total
---------------------------+-------+-------++-------
  Melee: War axe           |    30 |     3 ||    33
  Evoke: Wand              |       |     6 ||     6
    Use: Potion            |     3 |       ||     3
 Armour: Scale mail        |    28 |     1 ||    29
  Dodge: Dodged            |    30 |     4 ||    34
  Block: Buckler           |    11 |       ||    11

Table legend: (Time is in decaauts)
 A = Elapsed time spent in this place.
 B = Non-inter-level travel time spent in this place.
 C = Inter-level travel time spent in this place.
 D = Time resting spent in this place.
 E = Time spent auto-exploring this place.
 F = Levels seen in this place.
 G = Mean time per level.
                   A        B        C        D        E       F      G
               +--------+--------+--------+--------+--------+-----+--------+
         Total |    364 |    364 |      0 |    192 |      0 |   1 |  364.0 |
       Dungeon |    364 |    364 |      0 |    192 |      0 |   1 |  364.0 |
               +--------+--------+--------+--------+--------+-----+--------+

Top non-repeatable levels by time:
       D: 364 daAuts
